 Dungeon Crawl Stone Soup version 0.20.1-1-g8b1a95d (webtiles) character file.

51 Nattfarinn the Sneak (level 3, 0/16 HPs)
             Began as a Vine Stalker Enchanter on Aug 1, 2017.
             Slain by an ogre
             ... wielding a cursed -2 giant spiked club
              (16 damage)
             ... on level 4 of the Dungeon.
             The game lasted 00:03:47 (1489 turns).

Nattfarinn the Sneak (Vine Stalker Enchanter)       Turns: 1489, Time: 00:03:48

Health: 0/16       AC:  2    Str: 10    XL:     3   Next: 83%
Magic:  0/7        EV: 12    Int: 15    God:
Gold:   94         SH:  0    Dex: 15    Spells: 5/6 levels left

rFire    . . .     SeeInvis .   l - +0 dagger (freeze)
rCold    . . .     Gourm    .   (no shield)
rNeg     . . .     Faith    .   b - +0 robe
rPois    .         Spirit   +   (no helmet)
rElec    .         Reflect  .   (no cloak)
rCorr    .         Harm     .   (no gloves)
MR       .....                  (no boots)
Stlth    +++.......             (no amulet)
Regen    0.1/turn               (no ring)
MPRegen  0.1/turn               (no ring)

@: no status effects
A: fangs 2, magic shield, antimagic bite, no potion heal 3, rot immunity
a: no special abilities


You were on level 4 of the Dungeon.
You were hungry.

You visited 1 branch of the dungeon, and saw 3 of its levels.

You collected 94 gold pieces.

Inventory:

Hand Weapons
 a - a +1 dagger
 k - a -3 short sword
 l - a +0 dagger of freezing (weapon)
Armour
 b - a +0 robe (worn)
 e - a +0 pair of gloves
Scrolls
 g - a scroll of enchant weapon {unknown}
 i - 2 scrolls of blinking
 j - a scroll of magic mapping {unknown}
 m - a scroll of fear {unknown}
Potions
 f - 2 potions of mutation {unknown}
 h - a potion of flight {unknown}
Books
 c - a book of Maledictions

   Spells                             Type                      Level
   a - Corona                         Hexes                        1
   b - Ensorcelled Hibernation        Hexes/Ice                    2
   c - Confuse                        Hexes                        3
   d - Tukima's Dance                 Hexes                        3
   e - Dazzling Spray                 Conjuration/Hexes            3
Comestibles
 d - 3 bread rations


   Skills:
 - Level 0.8 Short Blades
 - Level 1.5 Dodging
 * Level 5.9 Stealth
 - Level 2.1 Spellcasting
 - Level 3.0 Hexes


You had 5 spell levels left.
You knew the following spells:

 Your Spells              Type           Power        Failure   Level  Hunger
a - Corona                Hex            ##.....      6%          1    #......


Dungeon Overview and Level Annotations

Branches:
Dungeon (2/15)

Altars:


Innate Abilities, Weirdness & Mutations

You have extremely sharp teeth.
When hurt, damage is shared between your health and your magic reserves.
Your bite disrupts and absorbs the magic of your enemies.
Potions cannot restore your health.
You are immune to rotting.


Message History

You eat the chunk of flesh.
This raw flesh tastes terrible.
You start resting.
Magic restored.
You start resting.
You are feeling hungry.
You start resting.
HP restored.
You see here a rat skeleton.
You now have 86 gold pieces (gained 7).
Found a stone staircase leading down.
You now have 94 gold pieces (gained 8).
You fall through a shaft for 2 floors!
The shaft crumbles and collapses.
You hear the sound of rushing water.
There is an entrance to a sewer on this level.
Hurry and find it before the portal rusts away!
An ogre comes into view. It is wielding a giant spiked club.
The ogre shouts!
The ogre hits you with a giant spiked club!!
Ouch! That really hurt!
You die...

###
...
#.#
#O#
#@#
#.#
#.#
#.#
#.#
#..
###


You could see an ogre.

Vanquished Creatures
  2 adders (D:2)
  2 leopard geckos
  3 bats
  2 giant cockroaches (D:1)
  4 goblins (D:1)
  3 hobgoblins
  4 jackals (D:1)
  2 frilled lizards
  3 kobolds (D:1)
  3 rats
28 creatures vanquished.

Notes
Turn   | Place    | Note
-------+----------+-------------------------------------------
     0 | D:1      | Nattfarinn the Vine Stalker Enchanter began the quest for the Orb.
     0 | D:1      | Reached XP level 1. HP: 9/9 MP: 4/4
   122 | D:1      | Reached skill level 4 in Stealth
   209 | D:1      | Reached XP level 2. HP: 10/13 MP: 6/6
   686 | D:1      | Reached skill level 5 in Stealth
   742 | D:1      | Reached XP level 3. HP: 9/16 MP: 2/7
  1487 | D:2      | You fall through a shaft for 2 floors!
  1487 | D:4      | Noticed an ogre
  1489 | D:4      | Slain by an ogre

Skill      XL: |  1  2 |
---------------+-------+-----
Stealth        | 4 5 |  5.9
Short Blades   | |  0.8
Dodging        | |  1.5
Spellcasting   | |  2.1
Hexes          | |  3.0

Action                   || total
-------------------------++-------
Melee: Dagger            ||   116
       Bite              ||    22
       Short sword       ||     4
  Use: Scroll            ||     2
 Stab: Sleeping          ||     4
  Eat: Chunk             ||     1
Armor: Robe              ||    15
Dodge: Dodged            ||    93
